 Dungeon Crawl Stone Soup version coffee-0.2.0 (webtiles) character file.

Game seed: 6733369878898332742, levelgen mode: deterministic

25599 Dorkslayer the Thaumaturge (level 12, -3/66 HPs)
             Began as a Deep Elf Conjurer on Sept 5, 2020.
             Was a High Priest of Vehumet.
             Killed by drain life
             ... invoked by a deathcap
             ... summoned by a curse toe
              (11 damage)
             ... in the Realm of Zot on Sept 7, 2020.
             The game lasted 01:33:22 (12356 turns).

Dorkslayer the Thaumaturge (Deep Elf Conjurer)     Turns: 12356, Time: 01:33:22

Health: -3/66      AC: 11    Str:  5    XL:     12   Next: 90%
Magic:  31/31      EV: 27    Int: 35    God:    Vehumet [*****.]
Gold:   409        SH:  0    Dex: 21    Spells: 11/38 levels left

rFire    x . .     SeeInvis .   E - +7 double sword of Beogh's Reproof {vorpal, rPois rF- MR- Int+4 Dex+6}
rCold    . . .     Gourm    .   (no shield)
rNeg     . . .     Faith    .   L - +0 troll leather armour
rPois    +         Spirit   .   F - +1 hat {MR+}
rElec    +         Reflect  .   K - +1 cloak
rCorr    .         Harm     .   k - +0 pair of gloves
MR       ++...                  J - +0 pair of boots
Stlth    +++.......             q - amulet "Jawnomus" {Inacc rElec MR+ Int+5 Stlth+}
HPRegen  0.61/turn              C - +6 ring of evasion
MPRegen  0.22/turn              r - +2 ring of slaying

@: confused
A: no striking features
a: Renounce Religion


You were in the Realm of Zot.
You worshipped Vehumet.
Vehumet was extremely pleased with you.
You were not hungry.

You visited 3 branches of the dungeon, and saw 12 of its levels.

You collected 952 gold pieces.
You spent 543 gold pieces at shops.

Inventory:

Hand Weapons
 w - the +7 eveningstar "Vyecukh" {freeze, *Slow rElec rPois Str+6 Dex+3}
   (You found it on level 4 of the Dungeon)

   It has been specially enchanted to freeze those struck by it, causing extra
   injury to most foes and up to half again as much damage against particularly
   susceptible opponents.
   It can also slow down cold-blooded creatures.
   It affects your strength (+6).
   It affects your dexterity (+3).
   It insulates you from electricity.
   It protects you from poison.
   It may slow you when you take damage.
 E - the +7 double sword of Beogh's Reproof (weapon) {vorpal, rPois rF- MR- Int+4 Dex+6}
   (You took it off an orc on level 6 of the Dungeon)

   It inflicts extra damage upon your enemies.
   It affects your intelligence (+4).
   It affects your dexterity (+6).
   It makes you vulnerable to fire.
   It protects you from poison.
   It affects your resistance to hostile enchantments.
 G - a +5 long sword of flaming
Missiles
 j - 46 poisoned darts
 s - 3 atropa-tipped darts (quivered)
 u - 9 boomerangs
 I - 7 silver boomerangs
Armour
 k - a +0 pair of gloves (worn)
 F - a +1 hat of magic resistance (worn)
 J - a +0 pair of boots (worn)
 K - a +1 cloak (worn)
 L - a +0 troll leather armour (worn)
Jewellery
 d - a +3 ring of intelligence
 q - the amulet "Jawnomus" (around neck) {Inacc rElec MR+ Int+5 Stlth+}
   (You found it on level 2 of the Dungeon)

   [amulet of inaccuracy]

   It reduces the accuracy of all your attacks.
   It affects your intelligence (+5).
   It insulates you from electricity.
   It affects your resistance to hostile enchantments.
   It makes you more stealthy.
 r - a +2 ring of slaying (right hand)
 x - a +3 amulet of reflection
 C - a +6 ring of evasion (left hand)
Wands
 m - a wand of digging (6)
 o - a wand of flame (33)
 O - a wand of polymorph (10)
Scrolls
 a - 3 scrolls of amnesia
 e - 3 scrolls of magic mapping
 f - 9 scrolls of remove curse
 g - 4 scrolls of fog
 l - 4 scrolls of teleportation
 n - a scroll of silence
 t - a scroll of blinking
 v - 3 scrolls of vulnerability
 y - a scroll of summoning
 A - a scroll of fear
 D - 2 scrolls of holy word
 M - a scroll of enchant armour
Potions
 b - a potion of mutation
 p - 2 potions of stabbing
 z - 8 potions of curing
 B - 4 potions of cancellation
 N - a potion of brilliance
 P - 2 potions of flight
 Q - a potion of might
Comestibles
 c - 16 rations
 h - 4 chunks of flesh


   Skills:
 + Level 3.9(8.4) Fighting
 - Level 8.1(8.7) Long Blades
   Level 2.0(6.1) Axes
 - Level 3.3(5.6) Maces & Flails
 + Level 2.1 Throwing
 + Level 2.2(8.0) Armour
 + Level 6.2(11.8) Dodging
 + Level 6.8(12.7) Stealth
 * Level 13.7(15.4) Spellcasting
 * Level 9.3(11.1) Conjurations
 + Level 3.1(10.5) Hexes
 + Level 1.9(8.8) Translocations
 + Level 2.9(9.0) Transmutations
 + Level 4.5(9.6) Fire Magic
 + Level 5.3(9.0) Air Magic
 + Level 3.9(9.2) Poison Magic
 + Level 6.9 Evocations


You had 11 spell levels left.
You knew the following spells:

 Your Spells              Type           Power        Failure   Level  Hunger
a - Magic Dart            Conj           ####         0%          1    None
b - Dazzling Flash        Conj/Hex       ######       1%          3    None
c - Iskenderun's Mystic   Conj/Tloc      #######.     1%          4    None
d - Blink                 Tloc           N/A          1%          2    None
e - Foxfire               Conj/Fire      ####         1%          1    None
f - Ignite Poison         Fire/Tmut/Pois #######.     1%          3    None
g - Mephitic Cloud        Conj/Pois/Air  #######.     1%          3    None
h - Airstrike             Air            ######....   1%          4    None
i - Starburst             Conj/Fire      #######...   1%          6    #......

Your spell library contained the following spells:

 Spells                   Type           Power        Failure   Level  Hunger
 Animate Skeleton         Necr           N/A          1%          1    None
 Apportation              Tloc           ######       1%          1    None
 Corona                   Hex            #######      1%          1    None
 Summon Butterflies       Summ           ######..     1%          1    None
 Summon Small Mammal      Summ           ####         1%          1    None
 Call Imp                 Summ           ######..     1%          2    None
 Searing Ray              Conj           ######       1%          2    None
 Slow                     Hex            #######.     1%          2    None
 Call Canine Familiar     Summ           ######..     1%          3    None
 Conjure Flame            Conj/Fire      #######.     1%          3    None
 Fulminant Prism          Conj/Hex       #######...   1%          4    None
 Summon Ice Beast         Ice/Summ       #######.     1%          4    None
 Summon Mana Viper        Hex/Summ       #######.     1%          5    None
 Summon Hydra             Summ           ######....   45%         7    ####...
 Lehudib's Crystal Spear  Conj/Erth      #######...   45%         8    ######.
 Chain Lightning          Conj/Air       #######...   47%         8    ######.
 Fire Storm               Conj/Fire      #######...   99%         9    #######
 Glaciate                 Conj/Ice       #######...   99%         9    #######


Dungeon Overview and Level Annotations

Branches:
Dungeon (10/10)            Temple (1/1) D:2             Zot (1/1) D:10

Altars:
Ashenzari
Cheibriados
Dithmenos
Elyvilon
Fedhas
Hepliaklqana
Kikubaaqudgha
Makhleb
Nemelex Xobeh
Okawaru
Qazlal
Ru
Sif Muna
Trog
Uskayaw
Vehumet
Xom
Yredelemnul
Zin
The Shining One

Shops:
D:1 *   D:7 ([[![


Message History

* * * LOW HITPOINT WARNING * * *
You are engulfed in a cloud of spores!
You are confused.
The wandering mushroom completely misses you.
The deathcap misses you.
You slash the curse toe!
The curse toe is heavily damaged.
The wandering mushroom completely misses you.
The deathcap completely misses you.
The wandering mushroom releases spores at you!
* * * LOW HITPOINT WARNING * * *
You are engulfed in a cloud of spores!
You barely miss the wandering mushroom.
The wandering mushroom completely misses you.
The deathcap misses you. The wandering mushroom misses you.
You slash the curse toe!
The curse toe is almost destroyed.
The wandering mushroom completely misses you.
The deathcap draws from the surrounding life force!
You die...

##########################
...................[)))..##
.................)...)((.(#
#..############..#######...
#..# #f)# #..# #f)# #..#
#f)# #..# #f@# #..######
#fz# ......... .....
......... #...(.. #########
######## #


You could see a deathcap, 4 wandering mushrooms and a curse toe.

Vanquished Creatures
  A curse toe (Zot)
  Harold (D:8)
  A death cob (Zot)
  A draconian monk (Zot)
  A storm dragon (D:10)
  A draconian scorcher (Zot)
  A shadow dragon (D:10)
  3 draconian stormcallers (Zot)
  Pikel (D:8)
  An ugly thing (D:8)
  A hydra (D:10)
  2 draconian annihilators (D:10)
  A draconian shifter (Zot)
  3 electric golems (Zot)
  An ice dragon (D:10)
  A fire dragon (D:10)
  3 green draconians
  A yellow draconian (Zot)
  3 red draconians (Zot)
  6 purple draconians
  A white draconian (D:10)
  2 trolls
  3 moths of wrath (Zot)
  2 dream sheep (D:10)
  3 hippogriffs
  20 yaks (D:10)
  2 hungry ghosts
  3 sky beasts
  An ice beast (D:8)
  3 orc warriors
  2 slaves (D:8)
  An eye of draining (D:9)
  3 phantoms
  3 ogres
  7 centaurs
  A crocodile (D:10)
  Blork the orc (D:6)
  7 bullfrogs
  5 big kobolds
  A water moccasin zombie (D:8)
  A wyvern skeleton (D:8)
  2 scorpions
  A water moccasin skeleton (D:4)
  5 killer bees (D:10)
  A vampire bat (D:4)
  12 wights
  A howler monkey (D:4)
  A crimson imp (D:6)
  2 centaur zombies
  A bullfrog zombie (D:10)
  2 jellies (D:10)
  5 orc priests
  4 hounds
  3 bullfrog skeletons
  A centaur skeleton (D:8)
  2 iguanas
  4 worker ants
  6 orc wizards
  A killer bee zombie (D:7)
  2 hound skeletons
  A howler monkey zombie (D:5)
  Robin (D:2)
  8 gnolls
  8 adders
  3 shadow imps
  An ooze (D:1)
  An adder skeleton (D:4)
  2 worms
  2 dart slugs
  3 fire bats (D:4)
  3 leopard geckos
  47 orcs
  2 spectral bats (D:4)
  3 bat skeletons (D:4)
  A bat zombie (D:4)
  4 giant cockroaches
  13 goblins
  10 hobgoblins
  2 jackals (D:3)
  2 quokkas (D:3)
  2 ball pythons (D:3)
  15 bats
  A bat simulacrum (D:4)
  3 frilled lizards (D:1)
  15 kobolds
  5 rats
  2 plants (D:10)
322 creatures vanquished.

Vanquished Creatures (others)
  Gastronok (D:8)
  2 slaves (D:8)
  A hobgoblin (D:2)
  2 kobolds (D:8)
  154 foxfires
160 creatures vanquished.

Grand Total: 482 creatures vanquished

Notes
Turn   | Place    | Note
-------+----------+-------------------------------------------
     0 | D:1      | Dorkslayer the Deep Elf Conjurer began the quest for the
                  | Orb.
     0 | D:1      | Reached XP level 1. HP: 10/10 MP: 6/6
   119 | D:1      | Reached XP level 2. HP: 15/15 MP: 1/8
   454 | D:1      | Reached skill level 5 in Conjurations
   631 | D:1      | Reached XP level 3. HP: 19/19 MP: 5/10
   657 | D:1      | Found Kidi's Assorted Antiques.
   894 | D:1      | Learned a level 3 spell: Dazzling Flash
  1116 | D:1      | Reached XP level 4. HP: 9/24 MP: 3/11
  1343 | D:2      | Reached skill level 4 in Spellcasting
  1505 | D:2      | Found a bloodstained altar of Trog.
  1523 | D:2      | Found a staircase to the Ecumenical Temple.
  1541 | Temple   | Entered the Ecumenical Temple
  1557 | Temple   | Became a worshipper of Vehumet
  1624 | D:2      | Reached XP level 5. HP: 28/28 MP: 11/14
  1630 | D:2      | Learned a level 4 spell: Iskenderun's Mystic Blast
  1718 | D:2      | Found a burning altar of Makhleb.
  1718 | D:2      | Noticed an Executioner
  1782 | D:2      | Noticed Robin
  1918 | D:2      | Killed Robin
  1918 | D:2      | Reached skill level 1 in Axes
  1974 | D:2      | Got the amulet "Jawnomus" {Inacc rElec MR+ Int+5 Stlth+}
  2114 | D:3      | Learned a level 2 spell: Blink
  2447 | D:3      | Reached * piety under Vehumet
  2447 | D:3      | Offered knowledge of Foxfire by Vehumet.
  2476 | D:3      | Learned a level 1 spell: Foxfire
  2502 | D:3      | Reached XP level 6. HP: 24/32 MP: 7/15
  3038 | D:4      | Reached skill level 5 in Spellcasting
  3050 | D:4      | Got the +7 eveningstar "Vyecukh" {freeze, *Slow rElec rPois
                  | Str+6 Dex+3}
  3235 | D:4      | Reached skill level 1 in Fighting
  3446 | D:4      | Reached XP level 7. HP: 38/38 MP: 12/17
  3586 | D:4      | Reached skill level 1 in Fire Magic
  3684 | D:4      | Reached ** piety under Vehumet
  3685 | D:4      | Offered knowledge of Freeze by Vehumet.
  3694 | D:4      | Reached skill level 6 in Spellcasting
  3859 | D:4      | Reached skill level 1 in Maces & Flails
  4460 | D:5      | Entered Level 5 of the Dungeon
  4492 | D:5      | Reached XP level 8. HP: 43/43 MP: 15/19
  4500 | D:5      | Found a white marble altar of Elyvilon.
  4527 | D:5      | Offered knowledge of Ignite Poison by Vehumet.
  4551 | D:5      | Reached skill level 1 in Armour
  4593 | D:5      | Noticed a +0 dagger
  4593 | D:5      | Noticed a +0 hand axe
  4596 | D:5      | Found a hide-covered altar of Uskayaw.
  4601 | D:5      | Reached *** piety under Vehumet
  5104 | D:5      | Got the ring of Psychosis {*Tele Str+4}
  5402 | D:6      | Reached skill level 7 in Spellcasting
  5412 | D:6      | Reached skill level 1 in Throwing
  5449 | D:6      | Learned a level 3 spell: Ignite Poison
  5461 | D:6      | Learned a level 3 spell: Mephitic Cloud
  5502 | D:6      | Identified the +7 double sword of Beogh's Reproof {vorpal,
                  | rPois rF- MR- Int+4 Dex+6}
  5529 | D:6      | HP: 2/44 [orc warrior/+1 vampiric scimitar (19)]
  5533 | D:6      | Reached skill level 1 in Hexes
  5819 | D:6      | Found Zin's Purification Station.
  5823 | D:6      | Found a glowing silver altar of Zin.
  5840 | D:6      | Bought a potion of curing for 90 gold pieces
  6052 | D:6      | Found a shimmering blue altar of Sif Muna.
  6124 | D:6      | Noticed Blork the orc
  6138 | D:6      | Killed Blork the orc
  6138 | D:6      | Reached XP level 9. HP: 30/48 MP: 18/22
  6160 | D:6      | Reached skill level 1 in Evocations
  6173 | D:6      | Reached skill level 1 in Poison Magic
  6190 | D:6      | Reached skill level 1 in Long Blades
  6701 | D:7      | Found Revoeg's Distillery.
  6706 | D:7      | Bought 2 potions of curing for 72 gold pieces
  6706 | D:7      | Bought 2 potions of heal wounds for 120 gold pieces
  6727 | D:7      | Found Yxzinaet's Antique Armour Shoppe.
  7116 | D:7      | Found Plog's Armour Shoppe.
  7153 | D:7      | Found Tyzoag Edadgh's Armour Shoppe.
  7170 | D:7      | Found Ruducaf's Weapon Shop.
  7274 | D:7      | Offered knowledge of Airstrike by Vehumet.
  7280 | D:7      | Learned a level 4 spell: Airstrike
  7405 | D:7      | Reached skill level 1 in Transmutations
  7689 | D:8      | Reached skill level 8 in Spellcasting
  7747 | D:8      | Reached skill level 5 in Dodging
  7803 | D:8      | Noticed Pikel
  7808 | D:8      | Killed Pikel
  7810 | D:8      | Noticed Gastronok
  7821 | D:8      | Killed Gastronok
  7821 | D:8      | Reached skill level 5 in Long Blades
  7821 | D:8      | Reached skill level 1 in Air Magic
  7821 | D:8      | Reached XP level 10. HP: 38/54 MP: 13/24
  7919 | D:8      | Found a blossoming altar of Fedhas.
  8001 | D:8      | Noticed a brown ugly thing
  8017 | D:8      | Killed a brown ugly thing
  8240 | D:8      | Reached skill level 5 in Stealth
  8494 | D:8      | Reached **** piety under Vehumet
  8806 | D:8      | Noticed Harold
  8813 | D:8      | Killed Harold
  8813 | D:8      | Reached skill level 9 in Spellcasting
  8836 | D:8      | Identified the +0 pair of gloves of Intercession {-Cast
                  | +Inv Dex+3} (You acquired it on level 8 of the Dungeon)
  8836 | D:8      | Identified the +7 double sword of Precise Incision
                  | {antimagic, rC+ Dex+4 Stlth+} (You acquired it on level 8
                  | of the Dungeon)
  8930 | D:8      | Offered knowledge of Stone Arrow by Vehumet.
  9166 | D:9      | Reached skill level 5 in Evocations
  9941 | D:10     | Entered Level 10 of the Dungeon
  9975 | D:10     | Reached XP level 11. HP: 60/60 MP: 10/26
 10087 | D:10     | Reached skill level 10 in Spellcasting
 10263 | D:10     | Reached skill level 1 in Translocations
 10268 | D:10     | Noticed a storm dragon
 10277 | D:10     | Killed a storm dragon
 10431 | D:10     | Noticed a shadow dragon
 10435 | D:10     | Killed a shadow dragon
 10614 | D:10     | Found a gate to the Realm of Zot.
 10733 | D:10     | Reached ***** piety under Vehumet
 10734 | D:10     | Reached skill level 11 in Spellcasting
 10775 | D:10     | Offered knowledge of Starburst by Vehumet.
 10786 | D:10     | Learned a level 6 spell: Starburst
 11113 | D:10     | Identified the +3 kite shield of the Inquisitive People
                  | {-Tele rC+ rN+ SInv} (You acquired it on level 10 of the
                  | Dungeon)
 11225 | D:10     | Reached XP level 12. HP: 64/64 MP: 19/29
 11588 | D:1      | Bought a potion of curing for 69 gold pieces
 11706 | D:7      | Bought a potion of curing for 36 gold pieces
 11706 | D:7      | Bought a potion of flight for 36 gold pieces
 11706 | D:7      | Bought a potion of curing for 36 gold pieces
 11706 | D:7      | Bought a potion of flight for 36 gold pieces
 11706 | D:7      | Bought a potion of might for 48 gold pieces
 11857 | Zot      | Entered the Realm of Zot
 11913 | Zot      | HP: 2/65 [green draconian stormcaller (15)]
 12045 | Zot      | Reached skill level 12 in Spellcasting
 12219 | Zot      | Noticed a curse toe
 12228 | Zot      | Killed a curse toe
 12249 | Zot      | Reached skill level 13 in Spellcasting
 12249 | Zot      | Reached skill level 5 in Air Magic
 12305 | Zot      | HP: 2/66 [green draconian stormcaller/+0 whip (4)]
 12346 | Zot      | Noticed a curse toe
 12356 | Zot      | Killed from afar by a deathcap

Levels and vault maps discovered:
D:1:      minmay_arrival_semitransparent, layout_basic, serial_shops, shop
D:2:      layout_rooms, lightli_temple_of_fire, minmay_temple_entry_mini_moons,
          makhleb_altar_promises_db, uniq_robin
D:3:      layout_loops_ring, first_ration
D:4:      layout_loops_cross, st_stairs_14, minivault_27, serial_bayou_ford_a,
          goddamned_bats
D:5:      layout_loops_cross, lemuel_doored_altar, dancing_weapons_uskayaw,
          columned_hall_lemuel
D:6:      layout_loops_ring, kennysheep_mini_moat, zin_purify,
          minmay_diced_spiral, uniq_blork_the_orc
D:7:      layout_basic, serial_shops, shop, shop, nicolae_shop_crystal, shop,
          nicolae_shop_overgrown_old_shop, serial_rivers,
          chequers_serial_rivers_room_a, chequers_serial_rivers_marsh,
          chequers_serial_rivers_small_b, chequers_serial_rivers_micro_d,
          chequers_serial_rivers_micro_a, chequers_serial_rivers_large_a
D:8:      layout_basic, fedhas_altar_2, uniq_harold, uniq_gastronok, uniq_pikel
D:9:      layout_basic
D:10:     evilmike_zot_entry_hall, layout_basic, hangedman_ranch
          [blue_anna_fruit_fields], lightli_fourway_metalbox
Temple:   nicolae_temple_x_marks_the_god
Zot:      layout_concentric_octagons, lemuel_golem_globe

Skill      XL: |  1  2  3  4  5  6  7  8  9 10 11 12 |
---------------+-------------------------------------+-----
Conjurations   | 5 6 7 8 9 |  9.3
Spellcasting   | 4 5 6 7 8 9 11 13 | 13.7
Dodging        | 3 4 5 6 |  6.2
Axes           | 1 2 |  2.0
Stealth        | 3 4 5 6 |  6.8
Fighting       | 1 2 3 |  3.9
Fire Magic     | 2 3 4 |  4.5
Maces & Flails | 1 3 |  3.3
Armour         | 1 2 |  2.2
Throwing       | 1 2 |  2.1
Hexes          | 3 |  3.1
Evocations     | 3 5 6 |  6.9
Poison Magic   | 1 2 3 |  3.9
Long Blades    | 5 7 8 |  8.1
Transmutations | 1 2 |  2.9
Air Magic      | 1 3 4 5 |  5.3
Translocations | 1 |  1.9

Action                   |  1- 3 |  4- 6 |  7- 9 | 10-12 || total
-------------------------+-------+-------+-------+-------++-------
Melee: Hand axe          |    47 |    95 |       |       ||   142
       Eveningstar       |       |     9 |    94 |       ||   103
       War axe           |       |     6 |       |       ||     6
       Punch             |       |       |     3 |     5 ||     8
       Double sword      |       |       |    73 |   164 ||   237
Throw: Dart              |     2 |     4 |     3 |     6 ||    15
       Throwing net      |       |     1 |     1 |     6 ||     8
       Boomerang         |       |       |     1 |       ||     1
 Cast: Magic Dart        |    47 |    79 |    88 |    52 ||   266
       Dazzling Flash    |       |    12 |     8 |     3 ||    23
       Foxfire           |       |    23 |    67 |     7 ||    97
       Iskenderun's Myst |       |     2 |     5 |    13 ||    20
       Blink             |       |       |     2 |       ||     2
       Mephitic Cloud    |       |       |     5 |    43 ||    48
       Ignite Poison     |       |       |     4 |    34 ||    38
       Airstrike         |       |       |     3 |    35 ||    38
       Starburst         |       |       |       |     2 ||     2
Evoke: Wand              |       |       |       |     2 ||     2
  Use: Potion            |       |     1 |     5 |     3 ||     9
       Scroll            |       |     1 |     2 |     6 ||     9
 Stab: Invisible         |       |    10 |     2 |     4 ||    16
       Sleeping          |       |     2 |     6 |     6 ||    14
       Confused          |       |       |     1 |     3 ||     4
  Eat: Chunk             |       |     6 |     3 |     1 ||    10
       Ration            |       |     1 |     3 |     4 ||     8
Armor: Robe              |     6 |       |       |       ||     6
       Leather armour    |     1 |    21 |    25 |     8 ||    55
       Troll leather arm |       |       |       |    23 ||    23
Dodge: Dodged            |    48 |   162 |   217 |   189 ||   616
       Rpst.: Double sword |       |       |    22 |    32 ||    54
